 Dungeon Crawl Stone Soup version 0.19.1-1-g22dce08 (webtiles) character file.

180 mosobo the Chopper (level 5, 0/47 HPs)
             Began as a Hill Orc Fighter on Jan 2, 2017.
             Slain by a leopard gecko (2 damage)
             ... on level 3 of the Dungeon.
             The game lasted 00:06:12 (1766 turns).

mosobo the Chopper (Hill Orc Fighter)               Turns: 1766, Time: 00:06:13

Health: 0/47       AC:  5    Str: 25    XL:     5   Next: 60%
Magic:  5/5        EV:  8    Int:  8    God:
Gold:   118        SH: 10    Dex: 10    Spells: 0 memorised, 4 levels left

rFire  . . .     SeeInvis .     a - +0 war axe
rCold  . . .     Gourm    .     v - +0 ring mail (curse)
rNeg   . . .     Faith    .     c - +0 shield
rPois  .         Spirit   .     (no helmet)
rElec  .         Reflect  .     (no cloak)
rCorr  .         Harm     .     (no gloves)
MR     .....                    (no boots)
Stlth  +.........               (no amulet)
                                (no ring)
                                (no ring)

@: mighty
A: no striking features
a: no special abilities


You were on level 3 of the Dungeon.
You were not hungry.

You visited 1 branch of the dungeon, and saw 3 of its levels.

You collected 118 gold pieces.

Inventory:

Hand Weapons
 a - a +0 war axe (weapon)
Armour
 b - a +0 scale mail
 c - a +0 shield (worn)
 e - a +0 ring mail
 h - a +0 buckler
 v - a cursed +0 ring mail (worn)
Wands
 s - a wand of paralysis (3/24)
Scrolls
 g - 3 scrolls of identify {unknown}
 k - a scroll of enchant armour {unknown}
 l - 4 scrolls of magic mapping {unknown}
 p - a scroll of blinking {unknown}
 r - a scroll of immolation {unknown}
 u - a scroll of enchant weapon {unknown}
Potions
 i - 2 potions of curing {unknown}
 j - a potion of resistance {unknown}
 n - a potion of berserk rage {unknown}
Comestibles
 f - 2 bread rations
 m - 2 slices of pizza
 o - 2 fruits
 q - a royal jelly
 t - a meat ration


   Skills:
 + Level 4.3 Fighting
 + Level 4.9 Axes
 + Level 4.0 Armour
 + Level 0.8 Dodging
 + Level 0.3 Stealth
 + Level 4.2 Shields


You had 4 spell levels left.
You didn't know any spells.

Dungeon Overview and Level Annotations

Branches:
Dungeon (3/15)

Altars:


Message History

An orc comes into view. It is wielding a dagger.
You slash the orc priest!
The orc priest is severely wounded.
You closely miss the leopard gecko. The leopard gecko barely misses you.
The leopard gecko bites you but does no damage.
The orc priest closely misses you.
You slash the orc priest!
You kill the orc priest!
Your Armour skill increases to level 4!
You closely miss the leopard gecko. The leopard gecko bites you.
* * * LOW HITPOINT WARNING * * *
The leopard gecko barely misses you.
Your shield prevents you from hitting the leopard gecko.
The leopard gecko is almost dead.
The leopard gecko bites you but does no damage.
You block the orc's attack. The leopard gecko bites you.
* * * LOW HITPOINT WARNING * * *
The leopard gecko bites you.
You die...

(...#...........##
.................#### .#
....................# ..
....................###.
........................
.......o................
......)o..)......+##....
?.....†.l.###....# #....
.......@..##.....###....
.......#................
.......#................
.......#................
.......#................
.$......................
...(....................
................#.......
.........#########..


You could see 2 orcs and a leopard gecko.

Vanquished Creatures
  An orc priest (D:3)
  Natasha (twice) (D:3)
  3 adders (D:2)
  2 oozes
  A worm (D:2)
  A dart slug (D:2)
  3 leopard geckos
  3 orcs (D:3)
  3 giant cockroaches
  7 goblins
  10 hobgoblins
  2 jackals (D:2)
  3 kobolds
  A quokka (D:2)
  2 ball pythons (D:3)
  5 bats
  4 frilled lizards
  5 rats
58 creatures vanquished.

Notes
Turn   | Place    | Note
-------+----------+-------------------------------------------
     0 | D:1      | mosobo the Hill Orc Fighter began the quest for the Orb.
     0 | D:1      | Reached XP level 1. HP: 19/19 MP: 1/1
    47 | D:1      | Reached XP level 2. HP: 24/27 MP: 2/2
   296 | D:1      | Reached XP level 3. HP: 29/33 MP: 3/3
   806 | D:2      | Reached XP level 4. HP: 8/40 MP: 4/4
  1568 | D:3      | Noticed Natasha
  1580 | D:3      | Killed Natasha
  1634 | D:3      | Noticed Natasha
  1652 | D:3      | Killed Natasha
  1652 | D:3      | Reached XP level 5. HP: 35/46 MP: 5/5
  1766 | D:3      | HP: 2/47 [leopard gecko (2)]
  1766 | D:3      | Slain by a leopard gecko

Skill      XL: |  1  2  3  4  5 |
---------------+----------------+-----
Axes           | 3 4 |  4.9
Fighting       | 4 |  4.3
Shields        | 4 |  4.2
Armour         | 4 |  4.0
Dodging        | |  0.8
Stealth        | |  0.3

Action                   |  1- 3 |  4- 6 || total
-------------------------+-------+-------++-------
Melee: War axe           |   103 |    75 ||   178
  Use: Potion            |       |     1 ||     1
  Eat: Bread ration      |       |     1 ||     1
Armor: Scale mail        |    93 |    32 ||   125
       Ring mail         |       |     9 ||     9
Dodge: Dodged            |    48 |    47 ||    95
Block: Shield            |    85 |    54 ||   139
